 Dungeon Crawl Stone Soup version 0.29-a0-392-g297d3b089c (webtiles) character file.

Game seed: 16243679934725957835

216 jimonade the Magician (level 6, 0/43 HPs)
             Began as a Djinni Fire Elementalist on May 8, 2022.
             Was an Initiate of Makhleb.
             Killed by an exploding scorpion (5 damage)
             ... ignited by their inner flame
             ... on level 4 of the Dungeon.
             The game lasted 00:10:58 (3940 turns).

jimonade the Magician (Djinni Fire Elementalist)    Turns: 3940, Time: 00:11:01

Health: 0/43       AC:  2    Str:  9    XL:     6   Next: 16%
Gold:   232        EV: 12    Int: 16    God:    Makhleb [......] SH:  0 Dex: 14

rFire   + + +      SeeInvis .   t - +2 short sword (freeze)
rCold   x . .      Faith    .   (no shield)
rNeg    . . .      Spirit   .   a - +0 robe
rPois   ∞          Reflect  .   (no helmet)
rElec   .          Harm     .   (no cloak)
rCorr   .          Rampage  .   (no gloves)
Will    .....                   (boots unavailable)
Stlth   ++........              (no amulet)
HPRegen 0.14/turn               r - ring of protection from fire
MPRegen 0.00/turn               (no ring)

@: flying
A: sickness immunity, fire resistance 2, cold vulnerability 1, float, innate
caster, HP casting, extra vitality 1
a: Renounce Religion


You were on level 4 of the Dungeon.
You worshipped Makhleb.
Makhleb was noncommittal.
You visited 1 branch of the dungeon, and saw 4 of its levels.

You collected 232 gold pieces.

Inventory:

Hand Weapons
 b - a +1 short sword of holy wrath
 g - a +1 dagger of venom
 l - a +0 spear
 t - a +2 short sword of freezing (weapon)
Missiles
 c - 89 stones
Armour
 a - a +0 robe (worn)
 o - a +0 leather armour
 u - a +0 scale mail
Magical Staves
 v - a staff of death
Jewellery
 r - a ring of protection from fire (left hand)
Wands
 w - a wand of mindburst (10)
Scrolls
 d - a scroll of acquirement {unknown}
 e - a scroll of amnesia {unknown}
 f - a scroll of immolation {unknown}
 i - 2 scrolls of fog {unknown}
 k - 2 scrolls of vulnerability {unknown}
 p - a scroll of teleportation {unknown}
 s - a scroll of noise {unknown}
Potions
 h - a potion of heal wounds {unknown}
 j - 2 potions of brilliance {unknown}
 m - a potion of curing {unknown}
 n - a potion of invisibility {unknown}
 q - a potion of resistance {unknown}


   Skills:
 * Level 2.3 Fighting
 - Level 2.1 Dodging
 - Level 1.5 Stealth
 + Level 4.5 Spellcasting


You couldn't memorise any spells.
You knew the following spells:

 Your Spells              Type           Power      Damage    Failure   Level
a - Foxfire               Conj/Fire      72%        2x1d7     2%          1
b - Scorch                Fire           36%        2d6       3%          2
c - Conjure Flame         Conj/Fire      18%        6-21      8%          3
d - Inner Flame           Hex/Fire       18%        N/A       8%          3
e - Flame Wave            Conj/Fire      18%        2d6       26%         4
f - Pain                  Necr           72%        1d7       2%          1
g - Call Imp              Summ           18%        N/A       3%          2
Your spell library was empty.

Dungeon Overview and Level Annotations

Branches:
Dungeon (4/15)
 Temple: D:4-7

Altars:
Elyvilon
Makhleb
Uskayaw

Annotations:
D:3 Sigmund


Innate Abilities, Weirdness & Mutations

You are immune to sickness and miasma.
You are immune to poison.
Your flesh is very heat resistant. (rF++)
You are vulnerable to cold. (rC-)
You float through the air rather than walking.
You learn spells naturally, not from books.
Your magical power is your life essence.
You have superior vitality. (+4 MHP)


Message History

The orc hits you with a +0 club.
You hear a shout!
Casting: Inner Flame (dangerous; 8% risk of failure)
Confirm with . or Enter, or press ? or * to list all spells.
Flames lash the adder.
The adder is severely wounded.
The adder's fire resistance burns away.
You hear a shout!
The howler monkey hoots and howls with incredible vigour!
The scorpion stings you. The orc hits you with a +0 club.
The scorpion stings you!
A goblin comes into view. It is wielding a +0 club.
A quokka comes into view.
The sky beast flickers out of sight!
Deactivating autopickup; reactivate with Ctrl-A.
The scorpion attacks as you move away! The scorpion stings you.
The scorpion attacks as you move away! The scorpion misses you. x2
The scorpion stings you.
Casting: Scorch (safe; 3% risk of failure)
Confirm with . or Enter, or press ? or * to list all spells.
Aiming: Inner Flame (dangerous; 8% risk of failure)
Press: ? - help, Dir - move target, f - scorpion, p - orc
Aim: a scorpion (chance to affect: 73%)
The scorpion is filled with an inner flame.
The scorpion stings you!
* * * LOW HITPOINT WARNING * * *
Casting: Inner Flame (dangerous; 8% risk of failure)
Confirm with . or Enter, or press ? or * to list all spells.
Flames lash the orc.
Flame seeps out of the orc.
The orc is heavily wounded.
The orc's fire resistance burns away.
* * * LOW HITPOINT WARNING * * *
The scorpion misses you.
The orc is engulfed in blazing flames.
Makhleb accepts your kill.
The orc explodes!
The fiery explosion engulfs the scorpion!!
Makhleb accepts your kill.
The scorpion explodes!
The fiery explosion engulfs you. You resist.
You die...

.#
.....#.#...#.#..)##
##
..##.##......h.## #
#.#!#....##.#.## #
#.###..#.##.#.#
#.##.....##.##.g.#
#
#.......###.###..#
#######.#### #.#
#..# ..# #.#
#.###§.# #.# #.#
#..@§○.# #.# #.#
#####§## #.# #.#
#.# #.#####.# #..
........# ####
..####### ###


There were no monsters in sight!

Vanquished Creatures
  A scorpion (D:4)
  An orc priest (D:3)
  Terence (D:3)
  2 orc wizards (D:3)
  Robin (D:3)
  An adder (D:2)
  A worm (D:2)
  4 dart slugs
  6 orcs
  4 ball pythons
  3 endoplasms (D:3)
  5 giant cockroaches
  10 goblins
  10 hobgoblins
  5 jackals
  2 quokkas
  6 bats
  3 frilled lizards
  4 kobolds
  2 rats
72 creatures vanquished.

Vanquished Creatures (others)
  171 foxfires
171 creatures vanquished.

Grand Total: 243 creatures vanquished

Notes
Turn   | Place    | Note
-------+----------+-------------------------------------------
     0 | D:1      | jimonade the Djinni Fire Elementalist began the quest for
                  | the Orb.
     0 | D:1      | Reached XP level 1. HP: 15/15 MP: 0/0
   434 | D:1      | Reached XP level 2. HP: 20/22 MP: 0/0
  1126 | D:1      | Reached skill level 3 in Spellcasting
  1235 | D:1      | Reached skill level 1 in Fighting
  1235 | D:1      | Reached XP level 3. HP: 27/27 MP: 0/0
  1235 | D:1      | Learned a level 1 spell: Pain
  1956 | D:2      | Reached XP level 4. HP: 21/32 MP: 0/0
  2416 | D:2      | Found a faded altar of an unknown god.
  2679 | D:3      | Noticed Terence
  2699 | D:3      | Killed Terence
  2786 | D:3      | Noticed Sigmund
  2807 | D:3      | Found a hide-covered altar of Uskayaw.
  2828 | D:3      | Found a white marble altar of Elyvilon.
  2938 | D:3      | Reached XP level 5. HP: 35/38 MP: 0/0
  2938 | D:3      | Learned a level 2 spell: Call Imp
  2940 | D:3      | Reached skill level 4 in Spellcasting
  3334 | D:3      | Reached XP level 6. HP: 41/43 MP: 0/0
  3579 | D:3      | Noticed Robin
  3591 | D:3      | Killed Robin
  3872 | D:4      | Found a burning altar of Makhleb.
  3888 | D:4      | Became a worshipper of Makhleb the Destroyer
  3925 | D:4      | Noticed a sky beast
  3940 | D:4      | Killed by an exploding scorpion... ignited by their inner
                  | flame

Illustrated notes

Levels and vault maps discovered:
D:1:      dpeg_arrival_simpleton_b, layout_basic
D:2:      layout_loops_ring, dilly_ecumenical_altar_fadedgnrine,
          grunt_ministairs_15, chequers_hall_statues_corner_a
D:3:      layout_basic, mainiacjoe_overflow_large_starburst, grunt_ministairs_7,
          guppyfry_early_orc_mine, uniq_sigmund, uniq_robin, uniq_natasha,
          uniq_terence
D:4:      kennysheep_slugbush, layout_loops_corners, lemuel_doored_altar,
          minmay_vboxes

Skill      XL: |  1  2  3  4  5 |
---------------+----------------+-----
Spellcasting   | 3 4 |  4.5
Fighting       | 1 2 |  2.3
Dodging        | |  2.1
Stealth        | |  1.5

Action                   |  1- 3 |  4- 6 || total
-------------------------+-------+-------++-------
Melee: Dagger            |    32 |     8 ||    40
       Punch             |     1 |       ||     1
       Short sword       |       |     3 ||     3
 Cast: Foxfire           |    51 |    56 ||   107
       Scorch            |     7 |    17 ||    24
       Inner Flame       |       |     2 ||     2
 Stab: Sleeping          |     1 |       ||     1
Armor: Robe              |     8 |     2 ||    10
Dodge: Dodged            |    33 |    13 ||    46

Table legend: (Time is in decaauts)
 A = Elapsed time spent in this place.
 B = Non-inter-level travel time spent in this place.
 C = Inter-level travel time spent in this place.
 D = Time resting spent in this place.
 E = Time spent auto-exploring this place.
 F = Levels seen in this place.
 G = Mean time per level.
                   A        B        C        D        E       F      G
               +--------+--------+--------+--------+--------+-----+--------+
         Total |   3938 |   3854 |     84 |    691 |   2274 |   4 |  984.5 |
       Dungeon |   3938 |   3854 |     84 |    691 |   2274 |   4 |  984.5 |
               +--------+--------+--------+--------+--------+-----+--------+

Top non-repeatable levels by time:
     D:1: 1535 daAuts
     D:2: 1109 daAuts
     D:3: 956 daAuts
     D:4: 336 daAuts
